 Dungeon Sprint DCSS version 0.17-a0-1442-g10bb59b (webtiles) character file.

8829 nuthulu the Brawler (level 11, -7/117 HPs)
             Began as a Ghoul Monk on June 27, 2015.
             Was the Champion of Makhleb.
             Mangled by a merfolk impaler
             ... wielding a +0 trident
              (8 damage)
             ... in the Dungeon (Sprint V: "Ziggurat Sprint").
             The game lasted 00:06:28 (966 turns).

nuthulu the Brawler (Ghoul Monk)                     Turns: 966, Time: 00:06:28

Health: -7/117     AC: 21    Str: 30    XL:     11   Next: 37%
Magic:  14/14      EV:  7    Int: 11    God:    Makhleb [******]
Gold:   0          SH:  0    Dex: 11    Spells: 0 memorised, 10 levels left

rFire  + + .     SeeInvis .       - Unarmed
rCold  + + .     Clarity  .     E - +5 gold dragon armour
rNeg   + + +     SustAt   .     (no shield)
rPois  ∞         Gourm    .     (no helmet)
rElec  .         Spirit   .     (no cloak)
rCorr  .         Warding  .     F - +2 pair of gloves {Dex+3}
rMut   .         NoTele   +     (no boots)
MR     +....                    L - amulet of Yhinait {Faith rF+ Str+3 Int+2 Dex-3}
Stlth  ..........               K - ring of Aguohon {MR+ Str+2 Int+4}
                                C - +6 ring of strength

@: engulfed, mesmerised, rotting, studying 2 skills, somewhat resistant to
hostile enchantments, extremely unstealthy
A: rotting body, claws 1, carnivore 3, cold resistance 1, negative energy
resistance 3, slow healing 1, torment resistance, unbreathing
a: Minor Destruction, Lesser Servant of Makhleb, Major Destruction, Greater
Servant of Makhleb, Renounce Religion


You were in the Dungeon.
You worshipped Makhleb.
Makhleb was exalted by your worship.
You were not hungry.

You visited 1 branch

Inventory:

Armour
 a - a +0 robe
 E - a +5 gold dragon armour (worn)
 F - a +2 pair of gloves of dexterity (worn)
Jewellery
 l - a +5 ring of dexterity
 y - a +6 ring of dexterity
 z - a +6 ring of dexterity
 A - a +6 ring of intelligence
 B - a +6 ring of intelligence
 C - a +6 ring of strength (left hand)
 D - a +6 ring of strength
 G - the ring "Kulegh" {rF+ rC+}
   (You found it in the Dungeon)

   [ring of protection from fire]

   It protects you from fire.
   It protects you from cold.
 H - an uncursed amulet of clarity
 I - an uncursed ring of stealth
 K - the ring of Aguohon (right hand) {MR+ Str+2 Int+4}
   (You found it in the Dungeon)

   [ring of protection from magic]

   It affects your strength (+2).
   It affects your intelligence (+4).
   It affects your resistance to hostile enchantments.
 L - the amulet of Yhinait (around neck) {Faith rF+ Str+3 Int+2 Dex-3}
   (You found it in the Dungeon)

   [amulet of faith]

   It allows you to gain divine favour quickly.
   It affects your strength (+3).
   It affects your intelligence (+2).
   It affects your dexterity (-3).
   It protects you from fire.
 N - the ring of Xuckioqy {rPois rN+}
   (You found it in the Dungeon)

   [ring of poison resistance]

   It protects you from poison.
   It protects you from negative energy.
Magical devices
 u - a wand of disintegration (7)
 v - a wand of fire (5)
 w - a wand of cold (5)
 x - a wand of draining (5)
Scrolls
 h - 4 scrolls of blinking
 o - 4 scrolls of amnesia
 p - 4 scrolls of recharging
 q - 7 scrolls of fog
 r - 5 scrolls of identify
 s - 5 scrolls of remove curse
 t - 2 scrolls of fear
 J - a scroll of brand weapon
Potions
 c - 10 potions of curing
 d - 3 potions of heal wounds
 e - 5 potions of haste
 f - 7 potions of magic
 g - 3 potions of berserk rage
 i - 2 potions of brilliance
 j - 2 potions of invisibility
 k - 4 potions of resistance
 m - 5 potions of agility
 n - 5 potions of might
Books
 M - a manual of Hexes
 O - a manual of Unarmed Combat
Comestibles
 b - 4 meat rations


   Skills:
 + Level 17.1 Fighting
 - Level 2.6 Armour
 - Level 5.3 Dodging
 - Level 2.4 Stealth
 + Level 18.2 Unarmed Combat
 - Level 6.5 Invocations


You had 10 spell levels left.
You didn't know any spells.

Dungeon Overview and Level Annotations

Branches:
Dungeon (1/1)

Altars:
Ashenzari
Cheibriados
Dithmenos
Elyvilon
Fedhas
Gozag
Kikubaaqudgha
Makhleb
Nemelex Xobeh
Okawaru
Qazlal
Ru
Sif Muna
Trog
Vehumet
Xom
Yredelemnul
Zin
The Shining One
Beogh
Jiyva
Lugonu


Innate Abilities, Weirdness & Mutations

Your body is rotting away.
You thrive on raw meat.
You are immune to poison.
You have sharp fingernails.
You are carnivorous and can eat meat at any time.
Your flesh is cold resistant.
You are immune to negative energy.
You heal slowly when monsters are visible.
You are immune to unholy pain and torment.
You can survive without breathing.


Message History

The water elemental hits you.
* * * LOW HITPOINT WARNING * * *
The merfolk impaler hits you from afar with a trident.
* * * LOW HITPOINT WARNING * * *
The merfolk hits you but does no damage.
The merfolk aquamancer casts a spell at you.
The ball of steam hits you! You resist.
* * * LOW HITPOINT WARNING * * *
You punch the water elemental!
The water elemental is heavily damaged.
The siren chants its luring song.
The sea snake bites you but does no damage.
The manticore bites you but does no damage.
The manticore barely misses you. The manticore claws you.
* * * LOW HITPOINT WARNING * * *
The water elemental hits you.
The water elemental engulfs you in water!
The siren chants a haunting song.
The merfolk impaler hits you from afar with a trident!
You die...

▓...8©8.≈.▓...8©8...▓
▓..[|\:)..▓..=|):=..▓
▓.≈|")))..▓...)|}...▓
▓≈..≈m.≈≈≈▓.........▓
▓...≈≈...≈▓...).....▓
▓≈..≈.m.≈.▓...))÷...▓
▓.≈..mmm≈.▓.....)...▓
▓≈.≈mHSm≈.▓.▓.....▓.▓
▓.▓.≈E@2▓≈▓.........▓
▓....≈≈.≈≈▓▓▓▓▓▓▓▓▓▓▓
▓▓▓▓▓▓▓▓▓▓▓


You could see 2 merfolk impalers, a sea snake, 2 merfolk aquamancers, a merfolk,
a manticore, a water elemental, 2 sirens and a friendly balrug.

Vanquished Creatures
  2 hell hogs (D)
  A naga mage (D)
  An eye of devastation (D)
  A fire drake (D)
  5 spriggans (D)
  2 fire elementals (D)
  2 yaks (D)
  6 wolves (D)
  4 nagas (D)
  3 black bears (D)
  A wasp (D)
  A porcupine (D)
  5 jellies (D)
  A quasit (D)
  An iguana (D)
  An orc priest (D)
  An iron imp (D)
  An orc wizard (D)
  A sheep (D)
  5 adders (D)
  A shadow imp (D)
  An orc (D)
  3 ball pythons (D)
  A bat skeleton (D)
  A ball python skeleton (D)
  A giant gecko zombie (D)
  A fire vortex (D)
54 creatures vanquished.

Vanquished Creatures (others)
  A fire vortex (D)
1 creature vanquished.

Grand Total: 55 creatures vanquished

Notes
Turn   | Place    | Note
--------------------------------------------------------------
     0 | D        | nuthulu the Ghoul Monk began the quest for the Orb.
     0 | D        | Reached XP level 1. HP: 19/19 MP: 0/0
     0 | D        | Found a roughly hewn altar of Beogh.
     0 | D        | Found a corrupted altar of Lugonu.
     0 | D        | Found a viscous altar of Jiyva.
     0 | D        | Found a white marble altar of Elyvilon.
     0 | D        | Found a sparkling altar of Nemelex Xobeh.
     0 | D        | Found a burning altar of Makhleb.
     0 | D        | Found an iron altar of Okawaru.
     0 | D        | Found a deep blue altar of Sif Muna.
     0 | D        | Found a radiant altar of Vehumet.
     0 | D        | Found a bloodstained altar of Trog.
     0 | D        | Found a shimmering altar of Xom.
    73 | D        | Became a worshipper of Makhleb the Destroyer
    73 | D        | Acquired Makhleb's first power
    73 | D        | Acquired Makhleb's second power
    80 | D        | Entered arena 1.
    80 | D        | Noticed a quasit
    91 | D        | Killed a quasit
    91 | D        | Reached skill level 1 in Armour
    91 | D        | Reached skill level 6 in Unarmed Combat
    91 | D        | Reached XP level 2. HP: 24/28 MP: 1/1
    91 | D        | Reached XP level 3. HP: 29/34 MP: 2/2
   138 | D        | Entered arena 2.
   138 | D        | Noticed an orc priest
   138 | D        | Noticed an orc wizard
   144 | D        | Killed an orc priest
   144 | D        | Reached skill level 5 in Fighting
   144 | D        | Reached skill level 7 in Unarmed Combat
   144 | D        | Reached XP level 4. HP: 39/42 MP: 3/3
   150 | D        | Killed an orc wizard
   150 | D        | Acquired Makhleb's third power
   150 | D        | Reached skill level 8 in Unarmed Combat
   184 | D        | Got the ring "Kulegh" {rF+ rC+}
   185 | D        | Entered arena 3.
   185 | D        | Noticed a naga
   198 | D        | Acquired Makhleb's fourth power
   198 | D        | Reached XP level 5. HP: 47/50 MP: 4/4
   210 | D        | Killed a naga
   210 | D        | Reached skill level 5 in Dodging
   210 | D        | Reached skill level 10 in Unarmed Combat
   210 | D        | Reached XP level 6. HP: 57/60 MP: 5/5
   235 | D        | Entered arena 4.
   235 | D        | Noticed an iron imp
   241 | D        | Acquired Makhleb's fifth power
   244 | D        | Killed an iron imp
   250 | D        | Entered arena 5.
   250 | D        | Noticed a yak
   250 | D        | Noticed an iguana
   250 | D        | Noticed a porcupine
   250 | D        | Noticed a yak
   261 | D        | Killed a yak
   261 | D        | Reached skill level 11 in Unarmed Combat
   271 | D        | Killed a porcupine
   271 | D        | Reached skill level 12 in Unarmed Combat
   271 | D        | Reached XP level 7. HP: 34/71 MP: 6/6
   276 | D        | Killed an iguana
   276 | D        | Reached skill level 10 in Fighting
   278 | D        | Killed a yak
   336 | D        | Entered arena 6.
   336 | D        | Noticed a jelly
   336 | D        | Noticed an eye of devastation
   336 | D        | Noticed a jelly
   336 | D        | Noticed a jelly
   336 | D        | Noticed a jelly
   336 | D        | Noticed a jelly
   342 | D        | Killed a jelly
   346 | D        | Killed a jelly
   346 | D        | Reached skill level 13 in Unarmed Combat
   355 | D        | Killed an eye of devastation
   355 | D        | Reached XP level 8. HP: 73/83 MP: 7/7
   358 | D        | Killed a jelly
   359 | D        | Killed a jelly
   362 | D        | Killed a jelly
   362 | D        | Reached skill level 14 in Unarmed Combat
   379 | D        | Entered arena 7.
   379 | D        | Noticed a black bear
   379 | D        | Noticed a wolf
   379 | D        | Noticed a wolf
   379 | D        | Noticed a wolf
   379 | D        | Noticed a wolf
   379 | D        | Noticed a wolf
   384 | D        | Killed a wolf
   386 | D        | Killed a wolf
   387 | D        | Killed a wolf
   391 | D        | Killed a wolf
   391 | D        | Reached XP level 9. HP: 93/93 MP: 8/8
   393 | D        | Killed a black bear
   393 | D        | Reached skill level 15 in Unarmed Combat
   396 | D        | Killed a wolf
   416 | D        | Got the ring of Aguohon {MR+ Str+2 Int+4}
   498 | D        | Entered arena 8.
   498 | D        | Noticed a fire elemental
   498 | D        | Noticed a hell hog
   498 | D        | Noticed a fire drake
   498 | D        | Noticed a fire elemental
   498 | D        | Noticed a hell hog
   507 | D        | Killed a hell hog
   507 | D        | Reached skill level 16 in Unarmed Combat
   511 | D        | Killed a fire drake
   511 | D        | Reached skill level 15 in Fighting
   517 | D        | Killed a fire elemental
   524 | D        | Killed a fire elemental
   529 | D        | Killed a hell hog
   529 | D        | Reached skill level 17 in Unarmed Combat
   529 | D        | Reached XP level 10. HP: 50/107 MP: 9/9
   537 | D        | Got the amulet of Yhinait {Faith rF+ Str+3 Int+2 Dex-3}
   767 | D        | Reached XP level 11. HP: 114/114 MP: 9/14
   773 | D        | Entered arena 9.
   773 | D        | Noticed a black bear
   773 | D        | Noticed a black bear
   773 | D        | Noticed a spriggan
   773 | D        | Noticed a spriggan
   773 | D        | Noticed a spriggan rider
   773 | D        | Noticed a spriggan
   773 | D        | Noticed a spriggan
   774 | D        | Noticed a wolf
   775 | D        | Killed a spriggan
   777 | D        | Killed a spriggan
   780 | D        | Killed a black bear
   782 | D        | Killed a spriggan
   785 | D        | Killed a wolf
   788 | D        | Killed a black bear
   789 | D        | Killed a spriggan
   791 | D        | Killed a spriggan
   793 | D        | Killed a wasp
   833 | D        | Got the ring of Xuckioqy {rPois rN+}
   836 | D        | Entered arena 10.
   836 | D        | Noticed a naga
   836 | D        | Noticed a naga mage
   836 | D        | Noticed a naga
   836 | D        | Noticed a naga
   848 | D        | Killed a naga mage
   848 | D        | Reached skill level 18 in Unarmed Combat
   853 | D        | Killed a naga
   858 | D        | Killed a naga
   863 | D        | Killed a naga
   868 | D        | Got the cursed ring "Coiqeqaj" {EV-2 Int+6}
   956 | D        | Entered arena 11.
   956 | D        | Noticed a merfolk
   956 | D        | Noticed a merfolk impaler
   956 | D        | Noticed a siren
   956 | D        | Noticed a merfolk aquamancer
   956 | D        | Noticed a water elemental
   957 | D        | Noticed a manticore
   957 | D        | Noticed a siren
   957 | D        | Noticed a merfolk aquamancer
   957 | D        | Noticed a merfolk impaler
   957 | D        | Noticed a sea snake
   966 | D        | HP: 1/117 [manticore (5)]
   966 | D        | Mangled by a merfolk impaler

Vault maps used:
D:        sprint_v

Action                   |  1- 3 |  4- 6 |  7- 9 | 10-12 || total
-------------------------+-------+-------+-------+-------++-------
Melee: Unarmed           |    16 |    60 |    75 |    44 ||   195
Invok: Greater Servant o |       |       |       |     1 ||     1
  Use: Potion            |     1 |     1 |     3 |     4 ||     9
  Eat: Meat ration       |     1 |       |       |       ||     1
       Chunk             |       |     7 |    13 |    29 ||    49
